Description

This is a macro oriented Build order. The opening is very classic with a 6 hellions presusure. The build order has been shared by Clem: A 7k Terran player on EU server and the VOD is commented with him.

For the early game, the main defense is hellions + banshee. The goal is to have the fastest as possible mineral saturation to have a fast third and play with a constant pressure. The timing push is based on the +1/+1 / Marines / Tanks.

VOD

https://youtu.be/tTiqJPde_H4

Replay - LiquidClem v SouLeer - 나이트쉐이드 - 래더

Build Order

Get SALT Encoding   

  12  0:00  SCV  
  13  0:12  SCV  
  14  0:17  Supply Depot  
  14  0:25  SCV  
  15  0:38  SCV  
  15  0:40  Barracks  
  16  0:44  Refinery  
  16  0:50  SCV  
  17  1:03  SCV  
  18  1:15  SCV  
  19  1:27  Reaper, Orbital Command  
  20  1:39  Command Center  
  20  1:49  Supply Depot  
  20  1:53  SCV  
  21  1:59  Marine  
  22  2:05  SCV  
  22  2:08  Factory  
  23  2:17  Refinery, SCV  
  24  2:22  Barracks Reactor  
  26  2:54  Orbital Command, Starport  
  27  3:03  Hellion x2  
  32  3:13  Barracks Tech Lab, Supply Depot  
  33  3:25  Hellion x2  
  40  3:37  Supply Depot  
  40  3:38  Banshee, Cloaking Field  
  45  3:49  Hellion x2  
  45  3:54  Barracks Tech Lab  
  53  4:12  Hellion  
  53  4:17  Command Center  
  52  4:23  Banshee  
  55  4:29  Stimpack  
  55  4:30  Marine  
  56  4:36  Barracks x2  
  58  4:47  Factory Reactor, Supply Depot  
  58  4:48  Marine  
  59  4:59  Engineering Bay x2  
  62  5:07  Refinery x2  
  62  5:08  Marine  
  63  5:16  Starport Reactor  
  65  5:26  Marine  
  67  5:32  Terran Infantry Weapons Level 1, Terran Infantry Armor Level 1, Orbital Command  
  67  5:34  Barracks x2  
  67  5:37  Marine x4  
  71  5:44  Marine  
  71  5:49  Siege Tank  
  77  5:53  Orbital Command  
  70  5:59  Medivac x2  
  77  6:12  Armory  
  84  6:26  Barracks Reactor x2  
  84  6:31  Siege Tank  
  102  7:10  Medivac x2  
  108  7:28  Barracks x3  
Spawning Tool Build Advisor. Get it on Overwolf

Go to:

Details

  • Created by: zuka      
  • Published on: Jun 13, 2020
  • Patch: 4.11.0
  • Difficulty: Medium
Show
View Real Time Build Order
Export as new Build Order

Comments (0)

There are no comments. Be the first!

Create an account to comment!